Map: Ulrena

Players

LilDicky - Winner!

  • Race: Terran Terran
  • League: Diamond

ZerglingChow

  • Race: Zerg Zerg
  • League: Diamond

VOD

http://www.twitch.tv/tumescentpie

Description

Time

  • Played on: Dec. 24, 2015, 10:11 p.m.
  • Length: 10:07
Show
View Real Time Build Order
Export as new Build Order

LilDicky Terran - Winner!

Build Orders:  

Get SALT Encoding   

  12  0:05  SCV  
  13  0:17  SCV  
  14  0:29  Supply Depot, SCV  
  15  0:51  SCV  
  15  0:53  Barracks  
  16  1:02  Supply Depot  
  16  1:03  SCV  
  17  1:15  SCV  
  17  1:18  Barracks x2  
  18  1:27  SCV  
  20  1:41  Orbital Command  
  20  1:42  Marine  
  20  2:01  Barracks, Marine  
  20  2:03  Barracks  
  20  2:07  Marine  
  23  2:12  Marine  
  22  2:19  Marine  
  23  2:25  SCV, Marine  
  23  2:29  Supply Depot  
  25  2:30  Marine  
  25  2:37  SCV, Marine  
  27  2:43  Marine  
  29  2:48  Marine  
  29  2:49  SCV  
  29  2:50  Marine  
  32  2:53  Supply Depot  
  32  2:55  Marine  
  32  2:56  Marine  
  34  3:00  Marine  
  35  3:05  Marine  
  35  3:08  Marine  
  36  3:37  Marine x2  
  36  3:38  Marine x3  
  41  3:55  Marine x3  
  43  3:56  Marine x2  
  43  4:02  SCV  
  47  4:12  Supply Depot  
  47  4:18  Marine x2  
  47  4:19  Marine x2  
  34  4:25  Marine  
  34  4:26  SCV  
  32  4:36  Marine x2  
  32  4:37  Marine x2  
  36  4:43  Marine  
  37  4:45  SCV  
  38  4:54  Marine x2  
  38  4:55  Marine  
  40  5:05  Marine x2  
  42  5:11  SCV  
  42  5:12  Marine x2  
  42  5:13  Marine  
  42  5:23  Marine x2  
  44  5:29  Marine  
  44  5:30  Marine x2  
  47  5:40  Marine  
  47  5:41  Marine  
  49  5:47  Marine  
  39  5:50  Marine x2  
  41  5:58  Marine x2  
  41  6:03  Command Center  
  43  6:05  Marine  
  43  6:08  Marine x2  
  46  6:16  Marine x2  
  48  6:23  Marine  
  49  6:33  Marine x2  
  49  6:34  Marine x2  
  51  7:01  Marine  
  51  7:02  Marine x3  
  50  7:11  Marine  
  43  7:19  Marine x2  
  43  7:20  Marine x2  
  46  7:28  Marine  
  44  7:37  Marine x4  
  48  7:44  SCV  
  48  7:46  Marine  
  48  7:49  Bunker  
  50  7:55  Marine x4  
  53  8:01  SCV  
  53  8:02  Orbital Command  
  53  8:04  Marine  
  55  8:13  Marine x4  
  59  8:50  Marine  
  59  8:51  Marine x3  
  59  8:55  Marine  
  59  8:58  SCV  
  59  8:59  SCV  
  59  9:08  Marine x3  
  59  9:09  Marine  
  59  9:10  SCV  
  59  9:11  SCV  
  59  9:13  Marine  
  59  9:24  SCV  
  59  9:26  Marine x4  
  59  9:30  Marine  
  59  9:44  Marine x3  
Show
View Real Time Build Order
Export as new Build Order

ZerglingChow Zerg 

Build Orders: Pool First, Zergling Baneling 

Get SALT Encoding   

  12  0:01  Drone  
  13  0:08  Drone  
  14  0:24  Extractor  
  13  0:30  Spawning Pool  
  13  0:32  Drone  
  13  0:36  Drone  
  14  0:45  Overlord  
  14  0:52  Extractor  
  14  0:53  Drone  
  15  1:04  Drone  
  15  1:05  Drone  
  17  1:16  Queen  
  19  1:24  Metabolic Boost  
  19  1:33  Zergling x4  
  22  1:40  Zergling x2  
  22  1:59  Hatchery  
  21  2:05  Overlord  
  21  2:09  Drone  
  22  2:25  Zergling x2  
  22  2:26  Zergling x8  
  27  2:33  Baneling Nest  
  26  2:41  Drone  
  27  2:53  Overlord  
  27  2:57  Drone x2  
  29  3:02  Zergling x2  
  29  3:31  Zergling x8  
  32  3:38  Zergling x4  
  32  3:40  Zergling x4  
  35  3:49  Zergling x2  
  35  3:52  Baneling x4  
  35  3:53  Baneling  
  36  3:57  Zergling x4  
  35  4:23  Zergling x6  
  35  4:32  Roach Warren  
  35  4:34  Overlord  
  35  4:37  Queen  
  34  4:43  Baneling x4  
  34  4:47  Drone  
  34  4:48  Extractor  
  34  4:49  Overlord  
  33  4:57  Zergling x2  
  33  4:58  Zergling x6  
  33  5:06  Drone x2  
  32  5:23  Zergling x8  
  32  5:24  Zergling x2  
  32  5:27  Zergling x2  
  24  5:53  Drone  
  24  5:54  Drone x2  
  27  6:05  Drone  
  27  6:06  Drone  
  29  6:13  Zergling x4  
  31  6:20  Baneling  
  31  6:21  Baneling x3  
  31  6:28  Zergling x4  
  33  6:35  Zergling x4  
  33  6:38  Zergling x2  
  36  6:45  Overlord  
  36  6:52  Zergling x2  
  37  6:56  Zergling x2  
  30  7:11  Zergling x6  
  30  7:26  Zergling x8  
  33  7:37  Drone  
  34  7:51  Baneling x2  
  31  7:59  Zergling x6  
  31  8:00  Zergling x2  
  35  8:09  Zergling x2  
  35  8:12  Spine Crawler  
  30  8:18  Baneling x3  
  30  8:19  Baneling  
Tags
 
Add a new tag
Caveats
  • Supply blocks, unpowered buildings, or Contaminate may cause inaccurate times.
  • Supply counts are checked every 10 seconds.